 Dungeon Crawl Stone Soup version 0.29-a0-82-g837932c90e (webtiles) character file.

Game seed: 10629976511633099411

39 lordive the Grasshopper (level 3, 0/28 HPs)
             Began as a Palentonga Warper on Feb 4, 2022.
             Killed by divine providence
             ... invoked by an orc priest
              (11 damage)
             ... on level 3 of the Dungeon on Feb 5, 2022.
             The game lasted 00:02:04 (2423 turns).

lordive the Grasshopper (Palentonga Warper)         Turns: 2423, Time: 00:02:04

Health: 0/28       AC:  5    Str: 14    XL:     3   Next: 26%
Magic:  6/6        EV:  9    Int: 15    God:
Gold:   119        SH:  0    Dex:  9    Spells: 4/6 levels left

rFire   . . .      SeeInvis +   o - +0 long sword
rCold   . . .      Faith    .   (no shield)
rNeg    . . .      Spirit   .   b - +0 leather armour
rPois   .          Reflect  .   (no helmet)
rElec   .          Harm     .   g - +0 cloak
rCorr   .          Rampage  .   (no gloves)
Will    .....                   (no barding)
Stlth   +.........              (no amulet)
HPRegen 0.09/turn               (no ring)
MPRegen 0.10/turn               (no ring)

@: no status effects
A: large, rugged brown scales 3, see invisible, deformed body, roll 1, armoured
tail
a: Rolling Charge


You were on level 3 of the Dungeon.
You visited 1 branch of the dungeon, and saw 3 of its levels.

You collected 119 gold pieces.

Inventory:

Hand Weapons
 o - a +0 long sword (weapon)
Missiles
 d - 5 boomerangs of dispersal (quivered)
 j - 4 boomerangs
Armour
 b - a +0 leather armour (worn)
 g - a +0 cloak (worn)
Wands
 h - a wand of mindburst (12)
Scrolls
 a - a scroll of torment {unknown}
 c - 2 scrolls of blinking
 e - a scroll of teleportation {unknown}
 f - a scroll of acquirement {unknown}
 m - a scroll of fear {unknown}
 n - a scroll of holy word {unknown}
Potions
 i - a potion of degeneration {unknown}
 k - a potion of berserk rage {unknown}
 l - a potion of might {unknown}
 p - a potion of attraction {unknown}


   Skills:
 + Level 2.2 Fighting
 + Level 2.4 Long Blades
 - Level 0.6 Throwing
 + Level 0.9 Armour
 + Level 1.7 Dodging
 + Level 2.0 Spellcasting
 * Level 3.7 Translocations


You had 4 spell levels left.
You knew the following spells:

 Your Spells              Type           Power      Damage    Failure   Level
a - Blink                 Tloc           24%        N/A       9%          2

Your spell library contained the following spells:

 Spells                   Type           Power      Damage    Failure   Level
 Gell's Gravitas          Tloc           12%        N/A       17%         3
 Lesser Beckoning         Tloc           12%        N/A       17%         3
 Teleport Other           Tloc           12%        N/A       17%         3
 Manifold Assault         Tloc           12%        N/A       85%         5


Dungeon Overview and Level Annotations

Branches:
Dungeon (3/15)

Altars:
Wu Jian

Annotations:
D:3 1 transporter


Innate Abilities, Weirdness & Mutations

You are completely covered in rugged brown scales. (AC +3, +7% HP)
You have supernaturally acute eyesight. (SInv)
Armour fits poorly on your strangely shaped body.
You can roll at nearby foes to attack.
You have a long armoured tail.


Message History

The orc shouts!
You hit the orc.
Your tail-slap misses the orc.
The orc is lightly wounded.
You hear a shout!
The orc barely misses you.
An endoplasm comes into view.
You barely miss the orc.
The orc is lightly wounded.
The endoplasm quivers.
The orc completely misses you. The orc hits you but does no damage.
You barely miss the orc.
The orc is lightly wounded.
The orc hits you with a +0 club.
You barely miss the orc. You tail-slap the orc.
The orc is severely wounded.
A ball python comes into view.
The orc hits you but does no damage. The orc barely misses you.
An orc priest comes into view. It is wielding a +0 dagger.
You barely miss the orc.
The orc is severely wounded.
The ball python hisses angrily.
The orc priest shouts!
You hear a shout!
The orc closely misses you.
The hobgoblin hits you but does no damage.
The orc priest looks braver for a moment.
You barely miss the orc.
The orc is severely wounded.
The orc hits you with a +0 club.
The hobgoblin hits you but does no damage.
The orc hits you with a +0 mace. The orc hits you but does no damage.
The orc barely misses you. The hobgoblin closely misses you.
The orc barely misses you.
You see here a +0 rapier.
The orc barely misses you.
The orc priest mumbles some strange prayers to Beogh against you.
Beogh smites you! The ball python bites you.
The ball python bites you but does no damage.
The orc priest mumbles some strange prayers to Beogh against you.
Beogh smites you!
You die...

....### #....##...#.......#..###
......# #.........#.#._.#.#..#
......####.........#.#...#.#..###
...................#.#####.#.....
...................#.......#####.
##....############.###'''###..<#.
#....# #.###...#..####.
#################..##.#.#.......
#........Joo.@.............##.
####..........S....)..........##.
..##........g.o...............###
..##..(.......................# #
..##.......o..................# #
..##..........................# #
..##..............#####.......#
'###.)..........###...###.....#
.# #............#5...... #..


You could see an orc priest, 3 orcs, an endoplasm, a hobgoblin and a ball
python.

Vanquished Creatures
  A worm (D:2)
  3 dart slugs
  3 ball pythons (D:1)
  A bat (D:2)
  4 endoplasms
  A giant cockroach (D:1)
  4 goblins
  3 hobgoblins
  A quokka (D:1)
  4 kobolds
  A rat (D:2)
26 creatures vanquished.

Notes
Turn   | Place    | Note
-------+----------+-------------------------------------------
     0 | D:1      | lordive the Palentonga Warper began the quest for the Orb.
     0 | D:1      | Reached XP level 1. HP: 17/17 MP: 3/3
   257 | D:1      | Reached XP level 2. HP: 17/23 MP: 5/5
   446 | D:1      | Found a faded altar of an unknown god.
  2143 | D:3      | Reached XP level 3. HP: 21/28 MP: 6/6
  2280 | D:3      | Learned a level 2 spell: Blink
  2342 | D:3      | Found an ornate altar of the Wu Jian Council.
  2393 | D:3      | Found a transporter.
  2423 | D:3      | Killed from afar by an orc priest

Illustrated notes

Levels and vault maps discovered:
D:1:      dpeg_arrival_simpleton_c, layout_basic, basic_ecumenical_altar,
          minmay_misc_feat_chi
D:2:      layout_loops_ring
D:3:      layout_basic, mainiacjoe_overflow_alcove_4, gammafunk_ghost_stat_death

Action                   || total
-------------------------++-------
Melee: Falchion          ||    55
       Tailslap          ||    13
       Punch             ||     1
       Long sword        ||    11
 Abil: Rolling Charge    ||     1
Armor: Leather armour    ||    26
Dodge: Dodged            ||    35

Table legend: (Time is in decaauts)
 A = Elapsed time spent in this place.
 B = Non-inter-level travel time spent in this place.
 C = Inter-level travel time spent in this place.
 D = Time resting spent in this place.
 E = Time spent auto-exploring this place.
 F = Levels seen in this place.
 G = Mean time per level.
                   A        B        C        D        E       F      G
               +--------+--------+--------+--------+--------+-----+--------+
         Total |   2436 |   2368 |     68 |    161 |   1971 |   3 |  812.0 |
       Dungeon |   2436 |   2368 |     68 |    161 |   1971 |   3 |  812.0 |
               +--------+--------+--------+--------+--------+-----+--------+

Top non-repeatable levels by time:
     D:1: 1366 daAuts
     D:2: 731 daAuts
     D:3: 337 daAuts
